 Dungeon Crawl Stone Soup version 0.29-a0-67-g1d65ae1bb4 (webtiles) character file.

Game seed: 5790029941409033597

120 Bosse the Distorting Demonspawn (level 4, 0/36 HPs)
             Began as a Demonspawn Abyssal Knight on Feb 3, 2022.
             Was a Believer of Lugonu.
             Slain by an orc wizard (5 damage)
             ... on level 4 of the Dungeon.
             The game lasted 00:07:06 (2845 turns).

Bosse the Distorting Demonspawn (DsAK)              Turns: 2845, Time: 00:07:07

Health: 0/36       AC:  8    Str: 15    XL:     4   Next: 75%
Magic:  6/6        EV: 12    Int: 11    God:    Lugonu [**....]
Gold:   180        SH:  0    Dex: 20    Spells: 3/3 levels left

rFire   . . .      SeeInvis .   a - +1 hand axe
rCold   . . .      Faith    .   (no shield)
rNeg    . . .      Spirit   .   b - +0 leather armour
rPois   .          Reflect  .   d - +2 helmet
rElec   .          Harm     .   (no cloak)
rCorr   .          Rampage  .   (no gloves)
Will    .....                   c - +0 pair of boots
Stlth   +.........              (no amulet)
HPRegen 0.12/turn               f - +6 ring of dexterity
MPRegen 0.10/turn               (no ring)

@: no status effects
A: demonic guardian 1, sharp scales 1, weakness stinger 1
a: Renounce Religion, Depart the Abyss, Bend Space


You were on level 4 of the Dungeon.
You worshipped Lugonu.
Lugonu was pleased with you.
You visited 1 branch of the dungeon, and saw 4 of its levels.
You visited the Abyss 1 time.

You collected 180 gold pieces.

Inventory:

Hand Weapons
 a - a +1 hand axe (weapon)
Armour
 b - a +0 leather armour (worn)
 c - a +0 pair of boots (worn)
 d - a +2 helmet (worn)
Magical Staves
 h - a staff of earth
Jewellery
 f - a +6 ring of dexterity (left hand)
Scrolls
 g - a scroll of fear
Potions
 e - a potion of brilliance


   Skills:
 + Level 3.6 Fighting
 + Level 2.5 Axes
 + Level 2.5 Armour
 + Level 2.0 Dodging
 + Level 3.6 Invocations


You had 3 spell levels left.
You didn't know any spells.
Your spell library contained the following spells:

 Spells                   Type           Power      Damage    Failure   Level
 Freeze                   Ice            0%         1d3       41%         1
 Frozen Ramparts          Ice            0%         1d2       78%         3
 Hailstorm                Conj/Ice       0%         3d3       99%         4


Dungeon Overview and Level Annotations

Branches:
Dungeon (4/15)
 Temple: D:4-7

Altars:

Annotations:
D:3 1 runed translucent door, tarree's ghost, amateur DrBe


Innate Abilities, Weirdness & Mutations

A weak demonic guardian rushes to your aid.
You are partially covered in razor-sharp scales. (AC +1, Slay +1)
You have a small tail.


Message History

You tail-slap the orc wizard.
The orc wizard is lightly wounded.
The orc wizard closely misses you.
The orc hits you from afar with a +0 trident!
You are too injured to fight recklessly!
You are too injured to fight recklessly!
You hit the orc wizard.
The orc wizard is heavily wounded.
The orc wizard mumbles some strange words.
The orc wizard flickers and vanishes!
Deactivating autopickup; reactivate with Ctrl-A.
The orc barely misses you.
You barely miss something. Something hits you but does no damage.
The orc hits you from afar with a +0 trident.
* * * LOW HITPOINT WARNING * * *
Something hits you but does no damage.
An endoplasm comes into view.
Found a lumpy purple potion.
The endoplasm barely misses you.
You hear some strange, mumbled words.
Something tries to affect you, but you resist.
The endoplasm misses you.
A ball python comes into view.
The endoplasm freezes you.
You are frozen.
* * * LOW HITPOINT WARNING * * *
A demonic guardian appears!
Your ufetubus hits the endoplasm.
Your ufetubus barely misses the endoplasm.
Your ufetubus hits the endoplasm.
The endoplasm dies!
Lugonu accepts your kill. Something closely misses your ufetubus.
Something closely misses your ufetubus. Something hits your ufetubus.
Something hits your ufetubus.
Your ufetubus dies!
Your ufetubus disappears in a puff of smoke!
Something hits you.
You die...

.# #.#####..# .# #.#
#..# .#### ######.#
#..# ...<###.......#
#.##
..............#####.#
.##.##..............
....##...(....##.#####
..####........o{.....#
..####.........#@###.#
.............o.#.#
#.#####.###.#!.#..#
#)# #..........##.#
#.# #.#.#...#........
#)###.......#..##.###
#)......#...#..# .#
#####.#.#..##..# .#
#.#........S .#


You could see an orc.

Vanquished Creatures
  An orc wizard (D:4)
  5 adders
  2 orcs (D:4)
  3 endoplasms (D:1)
  A giant cockroach (D:2)
  6 goblins
  7 hobgoblins
  5 kobolds
  5 ball pythons
  5 bats
  2 frilled lizards
  3 rats
45 creatures vanquished.

Vanquished Creatures (collateral kills)
  A worm (D:2)
  An endoplasm (D:4)
2 creatures vanquished.

Grand Total: 47 creatures vanquished

Notes
Turn   | Place    | Note
-------+----------+-------------------------------------------
     0 | Abyss:1  | Bosse the Demonspawn Abyssal Knight began the quest for the
                  | Orb.
     0 | Abyss:1  | Reached XP level 1. HP: 18/18 MP: 2/2
    19 | Abyss:1  | Found a blossoming altar of Fedhas.
    76 | Abyss:1  | Noticed a troll
    77 | D:1      | Escaped the Abyss
    95 | D:1      | You fall into a shaft and drop 1 floor!
   119 | D:1      | Reached skill level 1 in Dodging
   120 | D:1      | Reached * piety under Lugonu
   345 | D:1      | Gained mutation: You have a small tail. [demonic ancestry]
   345 | D:1      | Reached XP level 2. HP: 24/24 MP: 4/4
  1066 | D:2      | Gained mutation: A weak demonic guardian rushes to your
                  | aid. [demonic ancestry]
  1066 | D:2      | Reached XP level 3. HP: 12/29 MP: 5/5
  2029 | D:3      | Gained mutation: You are partially covered in razor-sharp
                  | scales. (AC +1, Slay +1) [demonic ancestry]
  2029 | D:3      | Reached XP level 4. HP: 31/35 MP: 6/6
  2152 | D:3      | Found a runed translucent door.
  2152 | D:3      | Noticed tarree's ghost (amateur DrBe)
  2818 | D:4      | Reached ** piety under Lugonu
  2845 | D:4      | Slain by an orc wizard

Illustrated notes

Levels and vault maps discovered:
D:1:      dpeg_arrival_rooms_with_view, layout_basic
D:2:      layout_loops_ring, minmay_puff
D:3:      layout_basic, gammafunk_ghost_grave
D:4:      layout_loops_cross, ashenzari_conservatory_becter,
          gammafunk_temple_overflow_statue, minmay_temple_entry_grid,
          uniq_eustachio

Skill      XL: |  1  2  3  4 |
---------------+-------------+-----
Dodging        | 1 2 |  2.0
Axes           | 2 |  2.5
Armour         | 2 |  2.5
Invocations    | 3 |  3.6
Fighting       | |  3.6

Action                   |  1- 3 |  4- 6 || total
-------------------------+-------+-------++-------
Melee: Hand axe          |    94 |    27 ||   121
       Tailslap          |     9 |     5 ||    14
Invok: Depart the Abyss  |     1 |       ||     1
  Use: Scroll            |     3 |       ||     3
       Potion            |     2 |     4 ||     6
 Stab: Sleeping          |     1 |       ||     1
       Distracted        |       |     1 ||     1
Armor: Leather armour    |    36 |     6 ||    42
Dodge: Dodged            |    56 |    24 ||    80

Table legend: (Time is in decaauts)
 A = Elapsed time spent in this place.
 B = Non-inter-level travel time spent in this place.
 C = Inter-level travel time spent in this place.
 D = Time resting spent in this place.
 E = Time spent auto-exploring this place.
 F = Levels seen in this place.
 G = Mean time per level.
                   A        B        C        D        E       F      G
               +--------+--------+--------+--------+--------+-----+--------+
         Total |   2867 |   2803 |     64 |     33 |   2252 |   5 |  573.4 |
       Dungeon |   2790 |   2726 |     64 |     33 |   2177 |   4 |  697.5 |
         Abyss |     77 |     77 |      0 |      0 |     75 |   1 |   77.0 |
               +--------+--------+--------+--------+--------+-----+--------+

Top non-repeatable levels by time:
     D:2: 1144 daAuts
     D:1: 781 daAuts
     D:3: 755 daAuts
     D:4: 109 daAuts
 Abyss:1: 77 daAuts
